 Dungeon Crawl Stone Soup version 0.31-a0-183-g4352c244c2 (webtiles) character file.

Game seed: 5023574187683021433

21 Hajna the Vexing (level 2, -3/15 HPs)
             Began as a Deep Elf Enchanter on June 22, 2023.
             Killed from afar by Sigmund (8 damage)
             ... with a magic dart
             ... on level 2 of the Dungeon.
             The game lasted 00:02:17 (1067 turns).

Hajna the Vexing (Deep Elf Enchanter)               Turns: 1067, Time: 00:02:17

Health: -3/15      AC:  3    Str:  5    XL:     2   Next: 65%
Magic:  4/8        EV: 13    Int: 19    God:
Gold:   69         SH:  0    Dex: 15    Spells: 3/7 levels left

rFire   . . .        a - +1 dagger
rCold   . . .        (no shield)
rNeg    . . .        b - +0 robe
rPois   .            (no helmet)
rElec   .            d - +0 cloak
rCorr   .            (no gloves)
SInv    .            (no boots)
Will    .....        (no amulet)
Stlth   +++          (no ring)
HPRegen 0.22/turn    (no ring)
MPRegen 0.11/turn

%: no passive effects
@: invisible
A: no striking features
a: no special abilities


You were on level 2 of the Dungeon.
You visited 1 branch of the dungeon, and saw 2 of its levels.

You collected 69 gold pieces.

Inventory:

Hand Weapons
 a - a +1 dagger (weapon)
Missiles
 e - 6 poisoned darts
Armour
 b - a +0 robe (worn)
 d - a +0 cloak (worn)
Magical Staves
 g - a staff of earth
Scrolls
 f - a scroll of identify {unknown}
 h - a scroll of enchant weapon {unknown}
 k - a scroll of amnesia {unknown}
Potions
 c - a potion of invisibility
 i - a potion of heal wounds {unknown}
 j - a potion of attraction {unknown}


   Skills:
 + Level 1.1 Short Blades
 + Level 2.8 Dodging
 + Level 4.3 Stealth
 + Level 3.0 Spellcasting
 + Level 4.4 Hexes


You had 3 spell levels left.
You knew the following spells:

 Your Spells              Type           Power      Damage    Failure   Level
a - Summon Small Mammal   Summ           8%         N/A       16%         1
b - Ensorcelled Hibernat  Hex/Ice        22%        N/A       10%         2
c - Beastly Appendage     Tmut           4%         N/A       16%         1

Your spell library contained the following spells:

 Spells                   Type           Power      Damage    Failure   Level
 Confusing Touch          Hex            19%        N/A       8%          3
 Tukima's Dance           Hex            19%        N/A       8%          3
 Dazzling Flash           Conj/Hex       22%        N/A       19%         3
 Summon Guardian Golem    Hex/Summ       11%        N/A       19%         3
 Wereblood                Tmut           2%         N/A       22%         2
 Call Canine Familiar     Summ           2%         N/A       41%         3
 Spider Form              Tmut/Pois      2%         N/A       41%         3


Dungeon Overview and Level Annotations

Branches:
Dungeon (2/15)

Altars:

Annotations:
D:2 Sigmund


Message History

You impale the ball python!!
You kill the ball python!
Your horns disappear.
Your talons disappear.
Found a spear.
You see here a +0 spear.
There is an open door here.
There is an open door here.
You see here 2 stones.
Done exploring.
There is a large open door here.
You open the door.
There is an open door here.
There is an escape hatch in the floor here.
You can't go up here!
You slide downwards.
The hatch slams shut behind you.
Found a stone, a ring mail and 3 gold pieces.
You now have 69 gold pieces (gained 3).
Found a stone staircase leading down.
There is a stone staircase leading down here.
Sigmund the Dreaded comes into view.
He is wielding a +0 scythe.
Sigmund looks drowsy...
The helpless Sigmund fails to defend himself.
You puncture Sigmund! Your punch misses Sigmund.
Sigmund is heavily wounded.
You hit Sigmund.
Sigmund is severely wounded.
Sigmund barely misses you.
Sigmund is unaffected.
Sigmund closely misses you.
You hit Sigmund but do no damage.
Sigmund is severely wounded.
You barely miss Sigmund.
Sigmund is severely wounded.
Sigmund points at you and mumbles some strange words.
The puff of flame hits you!
Ouch! That really hurt!
You fade into invisibility!
Sigmund casts a spell at you. The magic dart hits you!
Ouch! That really hurt!
You die...

.........#
.........####
###
.............
..# ##.#......#
#.# ##.+......#
#.# ####......##
#.# # ###.....##
#.# # ######...#
#@# #
#.........####@#
#
#.#######.>....#
# ########


You could see Sigmund (unable to see you).

Vanquished Creatures
  2 dart slugs (D:1)
  2 bats (D:1)
  3 endoplasms (D:1)
  A goblin (D:1)
  A quokka (D:1)
  2 ball pythons (D:1)
  3 frilled lizards (D:1)
  2 rats (D:1)
16 creatures vanquished.

Vanquished Creatures (collateral kills)
  A kobold (D:1)
  A frilled lizard (D:1)
2 creatures vanquished.

Grand Total: 18 creatures vanquished

Notes
Turn   | Place    | Note
-------+----------+-------------------------------------------
     0 | D:1      | Hajna the Deep Elf Enchanter began the quest for the Orb.
     0 | D:1      | Reached XP level 1. HP: 10/10 MP: 6/6
   177 | D:1      | Learned a level 1 spell: Summon Small Mammal
   299 | D:1      | Reached XP level 2. HP: 15/15 MP: 8/8
   302 | D:1      | Learned a level 2 spell: Ensorcelled Hibernation
   702 | D:1      | Learned a level 1 spell: Beastly Appendage
  1059 | D:2      | Noticed Sigmund
  1067 | D:2      | Killed from afar by Sigmund

Illustrated notes

Levels and vault maps discovered:
D:1:      beargit_arrival_diablo_church, layout_basic
D:2:      cheibrodos_old_hovel, layout_basic, uniq_sigmund

Skill      XL: |  1 |
---------------+----+-----
Stealth        | 4 |  4.3
Short Blades   | |  1.1
Dodging        | |  2.8
Spellcasting   | |  3.0
Hexes          | |  4.4

Action                     || total
---------------------------++-------
  Melee: Dagger            ||    38
   Cast: Summon Small Mamm ||     7
         Ensorcelled Hiber ||     7
         Beastly Appendage ||     1
    Use: Potion            ||     1
   Stab: Sleeping          ||    10
         Distracted        ||     1
 Armour: Robe              ||     5
  Dodge: Dodged            ||    17

Table legend: (Time is in decaauts)
 A = Elapsed time spent in this place.
 B = Non-inter-level travel time spent in this place.
 C = Inter-level travel time spent in this place.
 D = Time resting spent in this place.
 E = Time spent auto-exploring this place.
 F = Levels seen in this place.
 G = Mean time per level.
                   A        B        C        D        E       F      G
               +--------+--------+--------+--------+--------+-----+--------+
         Total |   1064 |   1058 |      6 |      0 |    862 |   2 |  532.0 |
       Dungeon |   1064 |   1058 |      6 |      0 |    862 |   2 |  532.0 |
               +--------+--------+--------+--------+--------+-----+--------+

Top non-repeatable levels by time:
     D:1: 1031 daAuts
     D:2: 33 daAuts
